 Dungeon Crawl Stone Soup version 0.26-a0-651-gb41185065b (webtiles) character file.

Game seed: 12561247881789995664

109 Jannitor the Sneak (level 4, 0/42 HPs)
             Began as a Deep Dwarf Delver on Sept 29, 2020.
             Was an Initiate of the Shining One.
             Slain by a sky beast (4 damage)
             ... on level 6 of the Dungeon.
             The game lasted 00:01:39 (991 turns).

Jannitor the Sneak (Deep Dwarf Delver)               Turns: 991, Time: 00:01:40

Health: 0/42       AC:  1    Str: 16      XL:     4   Next: 60%
Magic:  4/4        EV: 13    Int:  8 (11) God:    the Shining One [......]
Gold:   47         SH:  0    Dex: 14      Spells: 3/3 levels left

rFire    . . .     SeeInvis .   j - +0 dagger (venom)
rCold    . . .     Faith    .   (no shield)
rNeg     . . .     Spirit   .   b - +0 leather armour
rPois    .         Reflect  .   (no helmet)
rElec    .         Harm     .   (no cloak)
rCorr    .         Rampage  .   (no gloves)
MR       .....                  (no boots)
Stlth    ++........             (no amulet)
HPRegen  0.00/turn              (no ring)
MPRegen  0.09/turn              (no ring)

@: non-regenerating, glowing
A: damage resistance, heal wounds, blurry vision 1, deformed body, deterioration
1, sense surroundings 1, evolution 1, no regeneration
a: Heal Wounds, Renounce Religion


You were on level 6 of the Dungeon.
You worshipped the Shining One.
The Shining One was noncommittal.
You visited 2 branches of the dungeon, and saw 5 of its levels.

You collected 47 gold pieces.

Inventory:

Hand Weapons
 a - a +0 hand axe
 j - a +0 dagger of venom (weapon)
Armour
 b - a +0 leather armour (worn)
Jewellery
 m - an uncursed amulet of guardian spirit {unknown}
Wands
 g - a wand of digging (3)
Scrolls
 c - 2 scrolls of fog
 d - a scroll of magic mapping
 e - a scroll of fear
 h - 3 scrolls of remove curse {unknown}
 i - a scroll of identify {unknown}
 k - a scroll of enchant armour {unknown}
 l - a scroll of enchant weapon {unknown}
 n - a scroll of teleportation {unknown}
Potions
 f - 2 potions of haste


   Skills:
 + Level 3.3 Fighting
 + Level 3.2 Axes
 + Level 0.1 Armour
 + Level 3.2 Dodging
 - Level 6.6 Stealth
 + Level 0.1 Invocations


You had 3 spell levels left.
You didn't know any spells.
Your spell library contained the following spells:

 Spells                   Type           Power        Failure   Level
 Summon Small Mammal      Summ           #...         47%         1
 Call Imp                 Summ           #.......     63%         2
 Passwall                 Tmut/Erth      #.......     63%         2
 Poisonous Vapours        Pois/Air       #.....       63%         2
 Call Canine Familiar     Summ           #.......     85%         3
 Spider Form              Tmut/Pois      #.........   85%         3
 Summon Guardian Golem    Hex/Summ       #.......     85%         3
 Summon Ice Beast         Ice/Summ       #.......     99%         4
 Summon Lightning Spire   Summ/Air       #.......     99%         4
 Alistair's Intoxication  Tmut/Pois      #........    100%        5
 Eringya's Noxious Bog    Tmut/Pois      #.........   100%        6


Dungeon Overview and Level Annotations

Branches:
Dungeon (6/15)             Temple (1/1) D:5

Altars:
Cheibriados
Elyvilon
Fedhas
Gozag
Hepliaklqana
Kikubaaqudgha
Nemelex Xobeh
Okawaru
Ru
Sif Muna
Trog
Wu Jian
Xom
Zin
The Shining One


Innate Abilities, Weirdness & Mutations

You are resistant to damage.
You can heal yourself by infusing magical energy.
You passively map a small area around you.
You do not regenerate.
Scrolls take you a little longer to read.
Armour fits poorly on your strangely shaped body.
Your body sometimes deteriorates upon taking damage.
You evolve.


Message History

The sky beast is lightly wounded.
The sky beast hits you. The sky beast shocks you.
You barely miss the sky beast.
The sky beast is lightly wounded.
The sky beast barely misses you.
You completely miss the sky beast.
The sky beast is lightly wounded.
The sky beast hits you.
* * * LOW HITPOINT WARNING * * *
The sky beast shocks you.
* * * LOW HITPOINT WARNING * * *
You hit the sky beast but do no damage.
The sky beast is moderately wounded.
The sky beast flickers out of sight!
Deactivating autopickup; reactivate with Ctrl-A.
Something hits you.
* * * LOW HITPOINT WARNING * * *
Something shocks you.
You die... "It was about time."

,, ................#
.##...#...>.....####
, #................#
#..##.........##.#
#..##.#.####### , ,
........### ,
#.........##### ,, ,
...#####......# , ,
.. * ##.@{#.... , ,
, * ###...#.., , , *
##.?... , , , ,
,*,.... ,, * , , , ,
,... , ** , <. ,, *
. , , * , * , , * *


There were no monsters in sight!

Vanquished Creatures
  An ogre (D:5)
  A white imp (D:6)
  An ooze (D:3)
  An orc (D:5)
  A bat (D:3)
  A giant cockroach (D:5)
  A goblin (D:3)
  3 jackals (D:3)
  A quokka (D:3)
  A kobold (D:3)
  A leopard gecko zombie (D:5)
13 creatures vanquished.

Vanquished Creatures (others)
  A bullfrog skeleton (D:4)
1 creature vanquished.

Grand Total: 14 creatures vanquished

Notes
Turn   | Place    | Note
-------+----------+-------------------------------------------
     0 | D:5      | Jannitor the Deep Dwarf Delver began the quest for the Orb.
     0 | D:5      | Reached XP level 1. HP: 20/20 MP: 1/1
     6 | Temple   | Entered the Ecumenical Temple
   252 | Temple   | Became a worshipper of Xom of Chaos
   298 | D:5      | Found a white marble altar of Elyvilon.
   298 | D:5      | Found an ornate altar of the Wu Jian Council.
   346 | D:5      | Found an ancient bone altar of Kikubaaqudgha.
   346 | D:5      | Noticed an ogre
   365 | D:4      | Noticed a scorpion
   371 | D:4      | XOM: potion effect (haste)
   384 | D:3      | XOM: smoke on damage
   456 | D:3      | Found an iron altar of Okawaru.
   480 | D:3      | Reached XP level 2. HP: 18/27 MP: 2/2
   610 | D:5      | Found a glowing golden altar of the Shining One.
   702 | D:5      | Fell from the grace of Xom
   702 | D:5      | Became a worshipper of the Shining One
   805 | D:5      | Killed an ogre
   805 | D:5      | Reached XP level 3. HP: 20/34 MP: 3/3
   805 | D:5      | Reached XP level 4. HP: 24/42 MP: 4/4
   819 | D:5      | XOM: give mutations
   819 | D:5      | Gained mutation: You evolve. [Xom's mischief]
   819 | D:5      | Gained mutation: Scrolls take you a little longer to read.
                  | [Xom's mischief]
   819 | D:5      | Gained mutation: Your body sometimes deteriorates upon
                  | taking damage. [Xom's mischief]
   819 | D:5      | Gained mutation: Armour fits poorly on your strangely
                  | shaped body. [Xom's mischief]
   930 | D:5      | XOM: stat loss: -3 Int (8/11)
   980 | D:6      | Identified the Incunabulum of Venom and Transformation
   984 | D:6      | Noticed a sky beast
   991 | D:6      | Slain by a sky beast

Illustrated notes

Levels and vault maps discovered:
D:3:      kennysheep_the_goblin_king, layout_loops_ring,
          lemuel_coloured_pillars_altar, okawaru_metal_pillars_3
D:4:      layout_rooms, fiery_altar_vehumet
D:5:      layout_rooms, lemuel_doored_altar, overflow_temple_1_default,
          gammafunk_temple_overflow_elements, minmay_temple_entry_offerings
D:6:      layout_rooms, gup_sewer_entry_bowl
Temple:   dpeg_chambers_temple

Skill      XL: |  1  2 |
---------------+-------+-----
Fighting       | 3 |  3.3
Axes           | 3 |  3.2
Dodging        | 3 |  3.2
Armour         | |  0.1
Stealth        | |  6.6
Invocations    | |  0.1

Action                   |  1- 3 |  4- 6 || total
-------------------------+-------+-------++-------
Melee: Dagger            |    37 |     6 ||    43
       Hand axe          |     9 |       ||     9
 Stab: Sleeping          |     1 |       ||     1
Armor: Leather armour    |     9 |     1 ||    10
Dodge: Dodged            |    49 |     3 ||    52

Table legend: (Time is in decaauts)
 A = Elapsed time spent in this place.
 B = Non-inter-level travel time spent in this place.
 C = Inter-level travel time spent in this place.
 D = Time resting spent in this place.
 E = Time spent auto-exploring this place.
 F = Levels seen in this place.
 G = Mean time per level.
                   A        B        C        D        E       F      G
               +--------+--------+--------+--------+--------+-----+--------+
         Total |    975 |    863 |    112 |    110 |    556 |   5 |  195.0 |
       Dungeon |    702 |    617 |     85 |    110 |    365 |   4 |  175.5 |
        Temple |    273 |    246 |     27 |      0 |    191 |   1 |  273.0 |
               +--------+--------+--------+--------+--------+-----+--------+

Top non-repeatable levels by time:
     D:5: 510 daAuts
  Temple: 273 daAuts
     D:3: 115 daAuts
     D:4: 57 daAuts
     D:6: 18 daAuts
